 Dungeon Crawl Stone Soup version 0.21.1-1-g345015fe64 (webtiles) character file.

4517 RUZZLEFAZAZZLE the Blocker (level 10, -2/82 HPs)
             Began as a Gnoll Fighter on Feb 9, 2018.
             Was an Elder of Okawaru.
             Killed from afar by an electric eel (8 damage)
             ... with a bolt of electricity
             ... on level 8 of the Dungeon.
             The game lasted 00:23:05 (7363 turns).

RUZZLEFAZAZZLE the Blocker (Gnoll Fighter)          Turns: 7363, Time: 00:23:06

Health: -2/82      AC:  7    Str: 21    XL:     10   Next: 39%
Magic:  26/26      EV: 15    Int: 10    God:    Okawaru [****..]
Gold:   387        SH: 13    Dex: 24    Spells: 19/19 levels left

rFire    . . .     SeeInvis .   a - +1 war axe
rCold    + + .     Gourm    .   c - +1 shield
rNeg     . . .     Faith    .   u - +2 leather armour "Dun Xyx" {rC+ MP+9 Dex+3}
rPois    .         Spirit   .   (no helmet)
rElec    .         Reflect  .   r - +0 cloak
rCorr    .         Harm     .   (no gloves)
MR       .....                  (no boots)
Stlth    +++.......             (no amulet)
HPRegen  0.23/turn              o - +5 ring of dexterity
MPRegen  0.20/turn              j - ring of protection from cold

@: no status effects
A: distributed training, fangs 1, strong nose
a: Heroism, Renounce Religion


You were on level 8 of the Dungeon.
You worshipped Okawaru.
Okawaru was greatly pleased with you.
You were not hungry.

You visited 2 branches of the dungeon, and saw 9 of its levels.

You collected 387 gold pieces.

Inventory:

Hand Weapons
 a - a +1 war axe (weapon)
Armour
 c - a +1 shield (worn)
 r - a +0 cloak (worn)
 u - the +2 leather armour "Dun Xyx" (worn) {rC+ MP+9 Dex+3}
   (You found it on level 7 of the Dungeon)

   It affects your dexterity (+3).
   It protects you from cold.
   It affects your magic capacity (+9).
Jewellery
 h - an uncursed ring of fire
 j - a ring of protection from cold (right hand)
 o - a +5 ring of dexterity (left hand)
Wands
 b - a wand of digging (8)
Scrolls
 d - 3 scrolls of remove curse
 i - 4 scrolls of teleportation
 k - 2 scrolls of fog
 q - 3 scrolls of enchant weapon
 v - a scroll of identify
 x - a scroll of magic mapping
 C - a scroll of acquirement {unknown}
Potions
 e - a potion of magic
 g - a potion of heal wounds
 m - 2 potions of flight
 n - a potion of degeneration {unknown}
 p - 3 potions of curing {unknown}
 w - a potion of invisibility {unknown}
 z - a potion of might
Books
 l - a book of Dreams

   Spells                             Type                      Level
   a - Ensorcelled Hibernation        Hexes/Ice                    2
   b - Borgnjor's Vile Clutch         Necromancy/Earth             5
   c - Silence                        Hexes/Air                    5
   d - Darkness                       Hexes                        6
   e - Shadow Creatures               Summoning                    6
 t - a book of Conjurations

   Spells                             Type                      Level
   a - Magic Dart                     Conjuration                  1
   b - Searing Ray                    Conjuration                  2
   c - Dazzling Spray                 Conjuration/Hexes            3
   d - Fulminant Prism                Conjuration/Hexes            4
   e - Force Lance                    Conjuration/Translocation    4
   f - Iskenderun's Mystic Blast      Conjuration                  4
 y - a book of Callings

   Spells                             Type                      Level
   a - Summon Small Mammal            Summoning                    1
   b - Call Imp                       Summoning                    2
   c - Call Canine Familiar           Summoning                    3
   d - Summon Guardian Golem          Hexes/Summoning              3
   e - Summon Lightning Spire         Summoning/Air                4
   f - Summon Ice Beast               Ice/Summoning                4
 A - a book of Flames

   Spells                             Type                      Level
   a - Flame Tongue                   Conjuration/Fire             1
   b - Throw Flame                    Conjuration/Fire             2
   c - Conjure Flame                  Conjuration/Fire             3
   d - Inner Flame                    Hexes/Fire                   3
   e - Sticky Flame                   Conjuration/Fire             4
   f - Fireball                       Conjuration/Fire             5
 B - a book of Necromancy

   Spells                             Type                      Level
   a - Pain                           Necromancy                   1
   b - Animate Skeleton               Necromancy                   1
   c - Vampiric Draining              Necromancy                   3
   d - Regeneration                   Charms/Necromancy            3
   e - Animate Dead                   Necromancy                   4
   f - Borgnjor's Vile Clutch         Necromancy/Earth             5
Comestibles
 f - 11 rations


   Skills:
 + Level 8.4 Fighting
 + Level 5.1 Short Blades
 + Level 5.1 Long Blades
 + Level 7.0 Axes
 + Level 5.1 Maces & Flails
 + Level 5.1 Polearms
 + Level 5.1 Staves
 + Level 5.1 Slings
 + Level 5.1 Bows
 + Level 5.1 Crossbows
 + Level 5.1 Throwing
 + Level 8.4 Armour
 + Level 5.1 Dodging
 + Level 5.1 Stealth
 + Level 8.4 Shields
 + Level 5.1 Unarmed Combat
 + Level 5.1 Spellcasting
 + Level 4.2 Conjurations
 + Level 4.2 Hexes
 + Level 4.2 Charms
 + Level 4.2 Summonings
 + Level 4.2 Necromancy
 + Level 4.2 Translocations
 + Level 4.2 Transmutations
 + Level 4.2 Fire Magic
 + Level 4.2 Ice Magic
 + Level 4.2 Air Magic
 + Level 4.2 Earth Magic
 + Level 4.2 Poison Magic
 + Level 5.6 Invocations
 + Level 5.1 Evocations


You had 19 spell levels left.
You didn't know any spells.

Dungeon Overview and Level Annotations

Branches:
Dungeon (8/15)             Temple (1/1) D:6
   Lair: D:8-11

Altars:
Ashenzari
Cheibriados
Dithmenos
Elyvilon
Fedhas
Gozag
Hepliaklqana
Kikubaaqudgha
Makhleb
Nemelex Xobeh
Okawaru
Qazlal
Ru
Trog
Uskayaw
Vehumet
Wu Jian
Xom
Yredelemnul
Zin
The Shining One

Shops:
D:6 !   D:8 (


Innate Abilities, Weirdness & Mutations

Your experience applies equally to all skills.
You have very sharp teeth.
Your uncanny sense of smell can sniff out nearby items.


Message History

The bolt of electricity hits you!
The electric eel shoots out a bolt of lightning at you!
The bolt of electricity hits you!
* * * LOW HITPOINT WARNING * * *
The bullfrog zombie misses you.
You completely miss the electric eel. Your bite misses the electric eel.
The electric eel is severely wounded.
You hit the bullfrog zombie.
The electric eel shoots out a bolt of lightning at you!
The bolt of electricity hits you!
* * * LOW HITPOINT WARNING * * *
The bullfrog zombie hits you but does no damage.
The electric eel shoots out a bolt of lightning at you!
The bolt of electricity hits you!
* * * LOW HITPOINT WARNING * * *
The electric eel shoots out a bolt of lightning at you!
The bolt of electricity hits the quokka.
The quokka dies!
The bolt of electricity hits you!
You die...

..≈.≈.≈...####.....#..
≈≈≈≈..≈.≈..............)
≈≈≈;.≈.....#####........
≈≈;≈≈≈≈≈...# ##...#...
≈.:≈≈≈≈≈≈.$# ##.#....
...≈≈≈)≈≈..# ####...
.....).....# ##..
≈..≈≈)≈;...# ##.
..≈≈≈≈Z@...# #.
≈≈≈≈≈≈≈≈≈......# #.
≈≈≈≈≈≈≈≈....##.# #.
≈≈..≈≈≈.(..## #.
...........#
.?.......... ∆
######.###.## #. .#


You could see 3 electric eels and a bullfrog zombie.

Vanquished Creatures
  A two-headed ogre (D:7)
  Pikel (D:7)
  The ghost of BrokenGlass the Slicer, a novice OpFi of Ashenzari (D:5)
  A hippogriff (D:7)
  Sigmund (D:5)
  Edmund (D:5)
  3 orc warriors (D:7)
  A slave (D:7)
  2 ogres
  An ice beast (D:6)
  A phantom (D:7)
  The ghost of Dgb the Shooter, an amateur CeHu (D:3)
  2 wolves (D:8)
  A centaur (D:7)
  A crocodile (D:7)
  A bullfrog (D:6)
  2 scorpions
  4 wights (D:7)
  2 electric eels (D:8)
  4 crimson imps
  8 hounds
  8 orc priests
  A gnoll shaman (D:6)
  2 centaur skeletons
  An iguana (D:6)
  9 orc wizards
  4 worker ants
  A killer bee zombie (D:6)
  A hound skeleton (D:7)
  7 gnolls
  8 adders
  A shadow imp (D:6)
  An ooze (D:3)
  3 worms
  4 dart slugs
  2 leopard geckos
  37 orcs
  8 bats
  2 giant cockroaches
  7 goblins
  4 hobgoblins
  6 jackals
  6 kobolds
  3 quokkas
  A ball python (D:1)
  2 frilled lizards (D:1)
  3 rats
  A bush (D:1)
173 creatures vanquished.

Vanquished Creatures (others)
  3 slaves (D:7)
  A wight (D:7)
  An orc (D:7)
  A quokka (D:8)
6 creatures vanquished.

Grand Total: 179 creatures vanquished

Notes
Turn   | Place    | Note
-------+----------+-------------------------------------------
     0 | D:1      | RUZZLEFAZAZZLE the Gnoll Fighter began the quest for the Orb.
     0 | D:1      | Reached XP level 1. HP: 23/23 MP: 1/1
    64 | D:1      | You fall through a shaft!
   113 | D:2      | Reached XP level 2. HP: 29/29 MP: 2/2
   514 | D:1      | Reached XP level 3. HP: 33/35 MP: 3/3
   943 | D:2      | Reached skill level 1 in Invocations
  1103 | D:2      | Reached skill level 1 in Short Blades
  1103 | D:2      | Reached skill level 1 in Long Blades
  1103 | D:2      | Reached skill level 1 in Maces & Flails
  1103 | D:2      | Reached skill level 1 in Polearms
  1103 | D:2      | Reached skill level 1 in Staves
  1103 | D:2      | Reached skill level 1 in Slings
  1103 | D:2      | Reached skill level 1 in Bows
  1103 | D:2      | Reached skill level 1 in Crossbows
  1103 | D:2      | Reached skill level 1 in Throwing
  1103 | D:2      | Reached skill level 1 in Dodging
  1103 | D:2      | Reached skill level 1 in Stealth
  1103 | D:2      | Reached skill level 1 in Unarmed Combat
  1103 | D:2      | Reached skill level 1 in Spellcasting
  1103 | D:2      | Reached skill level 1 in Evocations
  1264 | D:2      | Reached XP level 4. HP: 41/41 MP: 5/5
  1568 | D:3      | Noticed Dgb's ghost (amateur CeHu)
  1575 | D:3      | Killed Dgb's ghost
  1575 | D:3      | Reached skill level 1 in Conjurations
  1575 | D:3      | Reached skill level 1 in Hexes
  1575 | D:3      | Reached skill level 1 in Charms
  1575 | D:3      | Reached skill level 1 in Summonings
  1575 | D:3      | Reached skill level 1 in Necromancy
  1575 | D:3      | Reached skill level 1 in Translocations
  1575 | D:3      | Reached skill level 1 in Transmutations
  1575 | D:3      | Reached skill level 1 in Fire Magic
  1575 | D:3      | Reached skill level 1 in Ice Magic
  1575 | D:3      | Reached skill level 1 in Air Magic
  1575 | D:3      | Reached skill level 1 in Earth Magic
  1575 | D:3      | Reached skill level 1 in Poison Magic
  1575 | D:3      | Reached XP level 5. HP: 43/47 MP: 5/7
  1903 | D:3      | Reached XP level 6. HP: 47/53 MP: 8/8
  1904 | D:3      | Found a hide-covered altar of Uskayaw.
  1904 | D:3      | Found an opulent altar of Gozag.
  1904 | D:3      | Found a white marble altar of Elyvilon.
  1929 | D:3      | Found a blossoming altar of Fedhas.
  2053 | D:3      | Found a shimmering altar of Xom.
  2057 | D:3      | Found a shattered altar of Ashenzari.
  2464 | D:4      | Reached skill level 5 in Axes
  2742 | D:4      | Reached XP level 7. HP: 59/59 MP: 10/10
  3338 | D:5      | Entered Level 5 of the Dungeon
  3356 | D:5      | Found a shimmering altar of Xom.
  3369 | D:5      | Noticed Sigmund
  3383 | D:5      | Killed Sigmund
  3385 | D:5      | Noticed Edmund
  3391 | D:5      | Killed Edmund
  3391 | D:5      | Reached XP level 8. HP: 67/67 MP: 12/12
  3810 | D:5      | Noticed BrokenGlass's ghost (novice OpFi)
  3830 | D:5      | Killed BrokenGlass's ghost
  4195 | D:6      | Found Tufistri's Distillery.
  4523 | D:6      | Reached XP level 9. HP: 67/72 MP: 14/14
  4704 | D:6      | Found a staircase to the Ecumenical Temple.
  4726 | Temple   | Entered the Ecumenical Temple
  4735 | Temple   | Became a worshipper of Warmaster Okawaru
  5062 | D:7      | Got a smoking leather armour
  5073 | D:7      | Identified the +2 leather armour "Dun Xyx" {rC+ MP+9 Dex+3} (You found it on level 7 of the Dungeon)
  5260 | D:7      | Noticed Pikel
  5272 | D:7      | Killed Pikel
  5272 | D:7      | Reached * piety under Okawaru
  5293 | D:7      | Reached ** piety under Okawaru
  6176 | D:7      | Reached skill level 5 in Invocations
  6699 | D:7      | Reached XP level 10. HP: 77/80 MP: 17/17
  6795 | D:8      | Found Such's Weapon Boutique.
  6795 | D:8      | Noticed a two-headed ogre
  6812 | D:7      | Killed a two-headed ogre
  6812 | D:7      | Reached *** piety under Okawaru
  6812 | D:7      | Reached skill level 5 in Short Blades
  6812 | D:7      | Reached skill level 5 in Long Blades
  6812 | D:7      | Reached skill level 5 in Maces & Flails
  6812 | D:7      | Reached skill level 5 in Polearms
  6812 | D:7      | Reached skill level 5 in Staves
  6812 | D:7      | Reached skill level 5 in Slings
  6812 | D:7      | Reached skill level 5 in Bows
  6812 | D:7      | Reached skill level 5 in Crossbows
  6812 | D:7      | Reached skill level 5 in Throwing
  6812 | D:7      | Reached skill level 5 in Dodging
  6812 | D:7      | Reached skill level 5 in Stealth
  6812 | D:7      | Reached skill level 5 in Unarmed Combat
  6812 | D:7      | Reached skill level 5 in Spellcasting
  6812 | D:7      | Reached skill level 5 in Evocations
  7124 | D:8      | Reached **** piety under Okawaru
  7248 | D:8      | Noticed a two-headed ogre
  7363 | D:8      | Killed from afar by an electric eel

Skill      XL: |  1  2  3  4  5  6  7  8  9 10 |
---------------+-------------------------------+-----
Invocations    | 1 2 3 4 5 |  5.6
Short Blades   | 1 2 3 4 5 |  5.1
Long Blades    | 1 2 3 4 5 |  5.1
Maces & Flails | 1 2 3 4 5 |  5.1
Polearms       | 1 2 3 4 5 |  5.1
Staves         | 1 2 3 4 5 |  5.1
Slings         | 1 2 3 4 5 |  5.1
Bows           | 1 2 3 4 5 |  5.1
Crossbows      | 1 2 3 4 5 |  5.1
Throwing       | 1 2 3 4 5 |  5.1
Dodging        | 1 2 3 4 5 |  5.1
Stealth        | 1 2 3 4 5 |  5.1
Unarmed Combat | 1 2 3 4 5 |  5.1
Spellcasting   | 1 2 3 4 5 |  5.1
Evocations     | 1 2 3 4 5 |  5.1
Conjurations   | 1 2 3 4 |  4.2
Hexes          | 1 2 3 4 |  4.2
Charms         | 1 2 3 4 |  4.2
Summonings     | 1 2 3 4 |  4.2
Necromancy     | 1 2 3 4 |  4.2
Translocations | 1 2 3 4 |  4.2
Transmutations | 1 2 3 4 |  4.2
Fire Magic     | 1 2 3 4 |  4.2
Ice Magic      | 1 2 3 4 |  4.2
Air Magic      | 1 2 3 4 |  4.2
Earth Magic    | 1 2 3 4 |  4.2
Poison Magic   | 1 2 3 4 |  4.2
Axes           | 5 6 7 |  7.0
Fighting       | 7 8 |  8.4
Armour         | 7 8 |  8.4
Shields        | 7 8 |  8.4

Action                   |  1- 3 |  4- 6 |  7- 9 | 10-12 || total
-------------------------+-------+-------+-------+-------++-------
Melee: War axe           |   145 |   100 |   271 |    58 ||   574
       Bite              |    27 |    17 |    47 |     8 ||    99
       Long sword        |       |       |    41 |       ||    41
Evoke: Wand              |       |       |       |     5 ||     5
  Use: Scroll            |     4 |     1 |     9 |       ||    14
       Potion            |       |     1 |     4 |     1 ||     6
 Stab: Sleeping          |       |       |     3 |     2 ||     5
  Eat: Chunk             |     1 |     5 |     3 |     2 ||    11
       Ration            |       |       |     3 |       ||     3
Armor: Scale mail        |    48 |    35 |    37 |       ||   120
       Skin              |       |       |    24 |       ||    24
       Leather armour    |       |       |    47 |     9 ||    56
Dodge: Dodged            |    28 |    33 |   126 |    40 ||   227
Block: Shield            |    56 |    50 |   219 |    50 ||   375
       Rpst.: Long sword |       |       |     2 |       ||     2
